 Dungeon Crawl Stone Soup version 0.30-b1-2-g02819fbbbe (webtiles) character file.

Game seed: 11838368672053909

1 vival the Shield-Bearer (level 1, -3/18 HPs)
             Began as a Human Fighter on Nov 12, 2023.
             Frozen to death by an endoplasm (5 damage)
             ... on level 2 of the Dungeon.
             The game lasted 00:02:01 (49 turns).

vival the Shield-Bearer (Human Fighter)               Turns: 49, Time: 00:02:01

Health: -3/18      AC:  6    Str: 16    XL:     1   Next: 22%
Magic:  1/1        EV:  8    Int:  8    God:
Gold:   0          SH:  4    Dex: 12    Spells: 0/0 levels left

rFire   . . .        a - +0 rapier
rCold   . . .        c - +0 buckler
rNeg    . . .        b - +0 scale mail
rPois   .            (no helmet)
rElec   .            (no cloak)
rCorr   .            (no gloves)
SInv    .            (no boots)
Will    .....        (no amulet) Stlth
                     (no ring)
HPRegen 0.23/turn    (no ring)
MPRegen 0.07/turn

%: no passive effects
@: lethally poisoned (-3 -> -9)
A: no striking features
a: no special abilities


You were on level 2 of the Dungeon.
You visited 1 branch of the dungeon, and saw 3 of its levels.

Inventory:

Hand Weapons
 a - a +0 rapier (weapon)
 f - a +0 dagger
Armour
 b - a +0 scale mail (worn)
 c - a +0 buckler (worn)
Scrolls
 e - a scroll of identify {unknown}
Potions
 d - a potion of might


   Skills:
 + Level 3.0 Fighting
 + Level 2.0 Short Blades
 + Level 3.0 Armour
 + Level 3.0 Shields


You couldn't memorise any spells.
You didn't know any spells.
Your spell library contained the following spells:

 Spells                   Type           Power      Damage    Failure   Level
 Beastly Appendage        Tmut           0%         N/A       90%         1
 Blink                    Tloc           0%         N/A       97%         2
 Lesser Beckoning         Tloc           0%         N/A       97%         2
 Momentum Strike          Conj/Tloc      0%         3d8       97%         2
 Wereblood                Tmut           0%         N/A       97%         2
 Spider Form              Tmut/Pois      0%         N/A       99%         3


Dungeon Overview and Level Annotations

Branches:
Dungeon (3/15)

Altars:

Annotations:
D:2 Terence


Message History

You add the spells Beastly Appendage, Wereblood and Spider Form to your library.
Found a stone staircase leading down.
You barely miss the rat. You block the rat's attack.
You hit the rat.
You kill the rat!
Found a stone staircase leading up.
Found a stone staircase leading down.
Terence the Incautious comes into view.
He is wielding a +0 short sword of venom.
Terence shouts!
An endoplasm comes into view.
The endoplasm quivers.
You see here a +0 dagger.
f - a +0 dagger
Found a stone staircase leading up.
Found a clear potion.
There is a stone staircase leading down here.
Terence hits you with a +0 short sword of venom.
You are poisoned.
You climb downwards.
You feel sick.
The orc shouts! x2
Found a scroll labelled QATSEXZIUCK.
There is a stone staircase leading up here.
You feel sick. You block Terence's attack. The orc barely misses you.
You climb upwards.
You feel sick. The endoplasm completely misses you.
There is a stone staircase leading down here.
The orc attacks as you move away! The orc hits you with a +0 dagger.
Found an escape hatch in the ceiling.
You feel sick.
The endoplasm hits you but does no damage.
Terence hits you but does no damage.
You are lethally poisoned!
The orc attacks as you move away! The orc closely misses you.
* * * LOW HITPOINT WARNING * * *
You feel sick.
There is a stone staircase leading down here.
You can't go up here!
* * * LOW HITPOINT WARNING * * *
You feel very sick. The endoplasm freezes you.
You are frozen.
You die...

♣##...#### .....
P.#.#....# ### .....
P....###.### ##.##.... .
P..........# #..#...##<.
♣.#####†...###......<...
♣ ##..................
#.....................
#...........>oJ.......
..............@@.......
..............##.......
.....................##
...........<...........
.................#....
...............###..
........!...# . ###


You could see Terence, an orc and an endoplasm.

Vanquished Creatures
  A ball python (D:1)
  A rat (D:2)
2 creatures vanquished.

Notes
Turn   | Place    | Note
-------+----------+-------------------------------------------
     0 | D:1      | vival the Human Fighter began the quest for the Orb.
     0 | D:1      | Reached XP level 1. HP: 18/18 MP: 1/1
    38 | D:2      | Noticed Terence
    49 | D:2      | Frozen to death by an endoplasm

Illustrated notes

Levels and vault maps discovered:
D:1:      onia_arrival_handbag, layout_basic
D:2:      layout_rooms, shapermc_ecumenical_altar_hornbeckon, uniq_terence,
          uniq_crazy_yiuf_cottage
D:3:      layout_loops_ring, nicolae_ru_great_annihilating_truth,
          okawaru_altar_gauntlet_db, ebering_ghost_sewer_f

Action                     || total
---------------------------++-------
  Melee: Rapier            ||     4
 Armour: Scale mail        ||     3
  Dodge: Dodged            ||     3
  Block: Buckler           ||     3
